 Dungeon Crawl Stone Soup version 0.28.0-43-g3370ac3207 (webtiles) character file.

Game seed: 6514077751039778322

35 uselesstheremin the Ruffian (level 3, -1/36 HPs)
             Began as a Troll Berserker on Mar 3, 2022.
             Was a Believer of Trog.
             Slain by a goblin
             ... wielding a +0 club
             ... led by Robin
              (6 damage)
             ... on level 2 of the Dungeon.
             The game lasted 00:01:36 (726 turns).

uselesstheremin the Ruffian (Troll Berserker)        Turns: 726, Time: 00:01:37

Health: -1/36      AC:  4    Str: 27    XL:     3   Next: 16%
Magic:  2/2        EV: 10    Int:  3    God:    Trog [**....]
Gold:   37         SH:  0    Dex:  9    Spells: 2/2 levels left

rFire   . . .      SeeInvis .     - Unarmed
rCold   . . .      Faith    .   (no shield)
rNeg    . . .      Spirit   .   a - +0 animal skin
rPois   .          Reflect  .   (helmet restricted)
rElec   .          Harm     .   (no cloak)
rCorr   .          Rampage  .   (gloves unavailable)
Will    .....                   (boots unavailable)
Stlth   +.........              (no amulet)
HPRegen 0.92/turn               (no ring)
MPRegen 0.08/turn               (no ring)

@: no status effects
A: large, unfitting armour, claws 3, regeneration 1, shaggy fur 1, tough skin 1
a: Renounce Religion, Berserk, Trog's Hand


You were on level 2 of the Dungeon.
You worshipped Trog.
Trog was pleased with you.
You visited 1 branch of the dungeon, and saw 2 of its levels.

You collected 37 gold pieces.

Inventory:

Armour
 a - a +0 animal skin (worn)
Scrolls
 c - 2 scrolls of blinking {unknown}
 d - a scroll of teleportation {unknown}
 e - a scroll of identify {unknown}
Potions
 b - a potion of curing {unknown}
 f - a potion of haste {unknown}


   Skills:
 + Level 2.6 Fighting
 + Level 2.7 Dodging
 * Level 3.8 Unarmed Combat


You had 2 spell levels left.
You didn't know any spells.
Your spell library was empty.

Dungeon Overview and Level Annotations

Branches:
Dungeon (2/15)

Altars:

Annotations:
D:2 Robin


Innate Abilities, Weirdness & Mutations

You are too large for most types of armour.
You have claws for hands.
Your natural rate of healing is unusually fast.
You are covered in fur. (AC +1)
You have tough skin. (AC +1)


Message History

A goblin comes into view. It is wielding a +0 club.
The goblin hits you but does no damage. The goblin hits you with a +0 club.
The giant cockroach bites you.
You completely miss the goblin.
The goblin shouts!
The goblin closely misses you. The hobgoblin hits you.
The goblin hits you with a +0 club. The goblin closely misses you. x2
The giant cockroach barely misses you.
You claw the goblin!
You kill the goblin!
Trog accepts your kill.
You can now call upon Trog for regeneration and willpower.
The hobgoblin hits you but does no damage.
The giant cockroach bites you but does no damage.
The goblin hits you with a +0 club. Robin throws the goblin at you!
You closely miss the goblin.
The giant cockroach bites you but does no damage.
The hobgoblin hits you but does no damage.
The goblin barely misses you. x3; The hobgoblin misses you.
You claw the goblin!
You kill the goblin!
Trog accepts your kill. The giant cockroach barely misses you.
The hobgoblin hits you but does no damage.
The goblin barely misses you. x2; The hobgoblin hits you.
You scratch the rat.
You kill the rat!
Trog accepts your kill.
The hobgoblin no longer looks unusually strong.
The goblin no longer looks unusually strong.
A jackal comes into view.
The giant cockroach barely misses you. The hobgoblin completely misses you.
The goblin hits you with a +0 club. x2
* * * LOW HITPOINT WARNING * * *
The hobgoblin hits you.
* * * LOW HITPOINT WARNING * * *
The jackal moves out of view.
The hobgoblin no longer looks unusually strong.
The giant cockroach barely misses you. The goblin hits you with a +0 club.
You die...

.###.. .....#
.....# .....# ##
....)## . ##.
.......
....#..###gg...#.
.......<@gg......
........Bggg....#
.........gg......
...............##
............####
.........$..#
.............
.!.....?..##$#


You could see Robin, a giant cockroach, 3 hobgoblins and 5 goblins.

Vanquished Creatures
  2 dart slugs (D:1)
  An endoplasm (D:1)
  2 giant cockroaches (D:1)
  6 goblins
  5 hobgoblins
  2 kobolds (D:1)
  A quokka (D:1)
  3 ball pythons (D:1)
  A frilled lizard (D:1)
  4 rats
27 creatures vanquished.

Notes
Turn   | Place    | Note
-------+----------+-------------------------------------------
     0 | D:1      | uselesstheremin the Troll Berserker began the quest for the
                  | Orb.
     0 | D:1      | Reached XP level 1. HP: 22/22 MP: 0/0
    83 | D:1      | Reached XP level 2. HP: 29/29 MP: 1/1
   491 | D:1      | Reached XP level 3. HP: 36/36 MP: 2/2
   713 | D:2      | Noticed Robin
   722 | D:2      | Reached ** piety under Trog
   726 | D:2      | Slain by a goblin

Illustrated notes

Levels and vault maps discovered:
D:1:      elethiomel_arrival_infinity_welcomes_careful_drivers, layout_basic
D:2:      layout_rooms, basic_altar, uniq_robin, uniq_natasha

Action                   || total
-------------------------++-------
Melee: Unarmed           ||    59
       Punch             ||     1
Armor: Animal skin       ||    28
Dodge: Dodged            ||    48
